 Dungeon Crawl Stone Soup version 0.21-a0-531-gacddea6133 (webtiles) character file.

4231 8fpsbossfight the Cleaver (level 10, -5/90 HPs)
             Began as a Minotaur Monk on Dec 12, 2017.
             Was a High Priest of Okawaru.
             Killed from afar by an electric eel (9 damage)
             ... with a bolt of electricity
             ... on level 9 of the Dungeon on Dec 13, 2017.
             The game lasted 00:18:21 (7432 turns).

8fpsbossfight the Cleaver (Minotaur Monk)           Turns: 7432, Time: 00:18:22

Health: -5/90      AC:  8    Str: 19    XL:     10   Next: 9%
Magic:  9/9        EV: 18    Int:  7    God:    Okawaru [*****.]
Gold:   432        SH:  5    Dex: 13    Spells: 9/9 levels left

rFire    . . .     SeeInvis .   g - +1 war axe
rCold    . . .     Gourm    .   p - +0 buckler
rNeg     . . .     Faith    +   f - +0 scale mail
rPois    .         Spirit   .   (helmet restricted)
rElec    .         Reflect  .   j - +0 cloak
rCorr    .         Harm     .   (no gloves)
MR       .....                  x - +0 pair of boots
Stlth    ..........             v - amulet of faith
HPRegen  0.25/turn              E - +5 ring of evasion
MPRegen  0.11/turn              C - +2 ring of evasion

@: no status effects
A: retaliatory headbutt, horns 2
a: Heroism, Finesse, Renounce Religion


You were on level 9 of the Dungeon.
You worshipped Okawaru.
Okawaru was extremely pleased with you.
You were not hungry.

You visited 1 branch of the dungeon, and saw 9 of its levels.
You also visited: Ossuary.

You collected 432 gold pieces.

Inventory:

Hand Weapons
 e - the +4 spear of Attainder {flame, rElec Stlth+}
   (You found it on level 6 of the Dungeon)

   It has been specially enchanted to burn those struck by it, causing extra
   injury to most foes and up to half again as much damage against particularly
   susceptible opponents.
   It insulates you from electricity.
   It makes you more stealthy.
 g - a +1 war axe (weapon)
Missiles
 q - 7 tomahawks (quivered)
 u - 3 steel javelins
 y - a throwing net
Armour
 f - a +0 scale mail (worn)
 j - a +0 cloak (worn)
 p - a +0 buckler (worn)
 x - a +0 pair of boots (worn)
Jewellery
 v - an amulet of faith (around neck)
 C - a +2 ring of evasion (right hand)
 E - a +5 ring of evasion (left hand)
Wands
 a - a wand of polymorph (11)
 l - a wand of clouds (5)
Scrolls
 b - 2 scrolls of magic mapping
 d - a scroll of identify
 A - a scroll of fog
Potions
 m - a potion of magic {unknown}
 n - 3 potions of heal wounds
 o - a potion of invisibility
 w - a potion of might
 z - a potion of curing {unknown}
 G - a potion of agility
Books
 k - a book of Changes

   Spells                             Type                      Level
   a - Beastly Appendage              Transmutation                1
   b - Sticks to Snakes               Transmutation                2
   c - Spider Form                    Transmutation/Poison         3
   d - Ice Form                       Ice/Transmutation            4
   e - Blade Hands                    Transmutation                5
 r - a book of Conjurations

   Spells                             Type                      Level
   a - Magic Dart                     Conjuration                  1
   b - Searing Ray                    Conjuration                  2
   c - Dazzling Spray                 Conjuration/Hexes            3
   d - Fulminant Prism                Conjuration/Hexes            4
   e - Force Lance                    Conjuration/Translocation    4
   f - Iskenderun's Mystic Blast      Conjuration                  4
 H - a book of Necromancy

   Spells                             Type                      Level
   a - Pain                           Necromancy                   1
   b - Animate Skeleton               Necromancy                   1
   c - Vampiric Draining              Necromancy                   3
   d - Regeneration                   Charms/Necromancy            3
   e - Animate Dead                   Necromancy                   4
   f - Control Undead                 Necromancy                   4
Comestibles
 c - 6 bread rations
 i - 6 fruits
 s - 2 royal jellies
 t - 4 chunks of flesh


   Skills:
 + Level 8.6 Fighting
 - Level 14.1 Axes
 - Level 3.2 Dodging
 - Level 1.5 Stealth
 - Level 6.1 Shields


You had 9 spell levels left.
You didn't know any spells.

Dungeon Overview and Level Annotations

Branches:
Dungeon (9/15)             Temple (0/1) D:7
   Lair: D:8-11         Orc: D:9-12

Altars:
Fedhas
Nemelex Xobeh
Okawaru
Qazlal
Sif Muna
Xom

Annotations:
D:4 SnubMonkey's ghost, amateur GrFi


Innate Abilities, Weirdness & Mutations

You reflexively headbutt those who attack you in melee.
You have a pair of horns on your head.


Message History

Aim: an electric eel (almost dead, covered in acid)
You throw a tomahawk.
The tomahawk closely misses the electric eel.
You hear a splash.
The electric eel shoots out a bolt of lightning at you!
The bolt of electricity hits you!
* * * LOW HITPOINT WARNING * * *
You take 7 damage, and have 23/90 hp.
The electric eel shoots out a bolt of lightning at you!
The bolt of electricity hits the electric eel.
The electric eel completely resists.
The bolt of electricity hits you!
* * * LOW HITPOINT WARNING * * *
The electric eel shoots out a bolt of lightning at you!
The bolt of electricity hits you!
* * * LOW HITPOINT WARNING * * *
You take 20 damage, and have 3/90 hp.
MASSIVE DAMAGE!!
You hear a splashing noise.
The electric eel shoots out a bolt of lightning at you!
The bolt of electricity hits you!
You die...

#.♣≈ (†≈≈
#(.♣♣♣;P♣≈P .#
# #..♣;≈≈≈≈≈≈
...#.#<(...≈≈♣
#...#...#
#.....#
#.#...# .#
#.#...# ..#
#.#..@##...#
#.#..........
#.#.......###
#.....###.#
#.....# #
#.....#
#.....#
#.....#
#.....#


You could see an electric eel.

Vanquished Creatures
  Erica (D:9)
  A two-headed ogre (D:8)
  A troll (D:9)
  A hippogriff (D:8)
  A spriggan (D:7)
  A wyvern (D:9)
  A hungry ghost (D:9)
  3 ice beasts
  3 phantoms
  A boggart (D:8)
  3 ogres
  3 centaurs
  2 bullfrogs
  2 scorpions
  2 electric eels (D:9)
  A crimson imp (D:7)
  3 hounds
  An orc priest (D:4)
  8 orc wizards
  Jessica (D:3)
  3 worker ants
  A hound skeleton (D:5)
  4 gnolls (D:5)
  4 adders
  A howler monkey skeleton (D:6)
  2 oozes
  An adder zombie (D:4)
  5 adder skeletons
  2 worms
  2 dart slugs (D:1)
  8 leopard geckos
  22 orcs
  8 giant cockroaches
  7 goblins
  8 hobgoblins
  17 jackals
  A kobold (D:3)
  2 quokkas
  7 bats
  3 frilled lizards
  A jackal skeleton (D:7)
  A leopard gecko skeleton (D:8)
  A leopard gecko zombie (D:6)
  2 orc zombies (Ossuary)
  A quokka zombie (D:6)
  8 rats
162 creatures vanquished.

Notes
Turn   | Place    | Note
-------+----------+-------------------------------------------
     0 | D:1      | 8fpsbossfight the Minotaur Monk began the quest for the Orb.
     0 | D:1      | Reached XP level 1. HP: 19/19 MP: 0/0
    27 | D:1      | Reached skill level 4 in Axes
    58 | D:1      | Reached XP level 2. HP: 24/26 MP: 1/1
   317 | D:1      | Reached skill level 5 in Axes
   322 | D:1      | Reached XP level 3. HP: 31/31 MP: 2/2
   652 | D:1      | You fall through a shaft!
  1695 | D:3      | Reached XP level 4. HP: 36/39 MP: 3/3
  1753 | D:3      | Reached skill level 6 in Axes
  1775 | D:3      | Noticed Jessica
  1777 | D:3      | Killed Jessica
  2225 | D:3      | Reached skill level 7 in Axes
  2225 | D:3      | Reached XP level 5. HP: 45/45 MP: 4/4
  2547 | D:4      | Noticed an ogre
  2555 | D:4      | Killed an ogre
  2632 | D:4      | Reached skill level 8 in Axes
  2645 | D:4      | Reached XP level 6. HP: 40/51 MP: 5/5
  2861 | D:4      | Noticed SnubMonkey's ghost (amateur GrFi)
  2960 | D:4      | Reached skill level 9 in Axes
  3003 | D:4      | Found a sand-covered staircase.
  3022 | Ossuary  | Entered an ossuary
  3425 | D:5      | Entered Level 5 of the Dungeon
  3485 | D:5      | Reached XP level 7. HP: 57/57 MP: 6/6
  3576 | D:5      | Reached skill level 10 in Axes
  4296 | D:6      | Reached skill level 11 in Axes
  4369 | D:6      | Reached XP level 8. HP: 16/64 MP: 7/7
  4661 | D:6      | Found an iron altar of Okawaru.
  4664 | D:6      | Found a shimmering altar of Xom.
  4715 | D:6      | Found a stormy altar of Qazlal.
  4716 | D:6      | Found a blossoming altar of Fedhas.
  4720 | D:6      | Became a worshipper of Warmaster Okawaru
  4720 | D:6      | Reached * piety under Okawaru
  4720 | D:6      | Reached ** piety under Okawaru
  4746 | D:6      | Reached skill level 12 in Axes
  4990 | D:6      | Found a sparkling altar of Nemelex Xobeh.
  5082 | D:6      | Identified a scroll of acquirement
  5180 | D:6      | Got a jewelled spear
  5181 | D:6      | Identified the +4 spear of Attainder {flame, rElec Stlth+} (You found it on level 6 of the Dungeon)
  5489 | D:7      | Found a deep blue altar of Sif Muna.
  5519 | D:7      | Found a staircase to the Ecumenical Temple.
  5631 | D:7      | Reached skill level 13 in Axes
  5945 | D:8      | Reached *** piety under Okawaru
  6100 | D:8      | Got a pitted leather armour
  6101 | D:8      | Identified the cursed +0 leather armour of Moral Flaws {Str+3} (You found it on level 8 of the Dungeon)
  6109 | D:8      | Noticed Maurice
  6123 | D:8      | Noticed Maurice
  6123 | D:8      | Maurice changed into Maurice the boggart
  6126 | D:8      | Killed Maurice the boggart
  6126 | D:8      | Reached XP level 9. HP: 33/70 MP: 8/8
  6372 | D:8      | Reached skill level 14 in Axes
  6382 | D:8      | Reached **** piety under Okawaru
  6382 | D:8      | Reached skill level 1 in Shields
  6684 | D:8      | Noticed a two-headed ogre
  6701 | D:8      | Killed a two-headed ogre
  7071 | D:9      | Noticed a troll
  7083 | D:9      | Killed a troll
  7083 | D:9      | Reached skill level 5 in Fighting
  7220 | D:9      | Noticed Erica
  7243 | D:9      | Killed Erica
  7243 | D:9      | Reached ***** piety under Okawaru
  7326 | D:9      | Reached XP level 10. HP: 80/88 MP: 9/9
  7392 | D:9      | Received a gift from Okawaru
  7429 | D:9      | HP: 3/90 [electric eel/bolt of electricity (11)]
  7432 | D:9      | Killed from afar by an electric eel

Vault maps used:
D:1:      minmay_arrival_jagged
D:2:      kennysheep_generic_room_12
D:3:      uniq_jessica
D:4:      enter_ossuary_1, first_bread, uniq_crazy_yiuf_cottage
D:5:      tgw_trog
D:6:      grunt_temple_overflow_open, lemuel_round_altar,
          minmay_a_box_with_orc_wizards_in_it
D:7:      kennysheep_mini, minmay_temple_entry_enclosed_plants, the_bakery
D:8:      bh_chokoban, uniq_maurice
D:9:      old_standard_altar, nicolae_overflow_hidden_temple,
          small_statue_intersection, serial_bayou_lake_a, uniq_pikel, uniq_erica
Ossuary:  ossuary_tomb_3

Skill      XL: |  1  2  3  4  5  6  7  8  9 10 |
---------------+-------------------------------+-----
Axes           | 4 5 7 8 9 11 13 14 | 14.1
Shields        | 6 |  6.1
Fighting       | 7 8 |  8.6
Dodging        | |  3.2
Stealth        | |  1.5

Action                   |  1- 3 |  4- 6 |  7- 9 | 10-12 || total
-------------------------+-------+-------+-------+-------++-------
Melee: Hand axe          |   106 |   126 |       |       ||   232
       Headbutt          |    17 |    24 |    41 |     1 ||    83
       War axe           |       |     7 |   224 |    13 ||   244
Throw: Tomahawk          |     1 |    19 |    23 |    11 ||    54
Evoke: Wand              |       |       |     9 |     3 ||    12
  Use: Potion            |       |     1 |     1 |       ||     2
       Scroll            |       |       |    17 |       ||    17
 Stab: Sleeping          |     1 |     1 |       |       ||     2
  Eat: Chunk             |     2 |     5 |       |     3 ||    10
       Bread ration      |       |     1 |     1 |       ||     2
       Fruit             |       |       |     5 |       ||     5
Armor: Robe              |    11 |       |       |       ||    11
       Ring mail         |    24 |    42 |    44 |       ||   110
       Scale mail        |       |       |    17 |     3 ||    20
Dodge: Dodged            |    61 |    64 |   119 |     7 ||   251
Block: Buckler           |       |    11 |    25 |     3 ||    39

Table legend:
 A = Spawn XP
 B = Non-spawn XP
 C = Spawn XP percentage of total XP
 D = Spawn monster count
 E = Non-spawn monster count
 F = Spawn count percentage of total count
 G = Total turns spent on level
                    A         B        C        D         E        F      G
               +---------+---------+-------+---------+---------+-------+---------
         Total |       0 |    6045 |   0.0 |       0 |     162 |   0.0 |  7432
               +---------+---------+-------+---------+---------+-------+---------
           D:1 |       0 |      51 |   0.0 |       0 |      27 |   0.0 |   652
           D:2 |       0 |      17 |   0.0 |       0 |       7 |   0.0 |   883
           D:3 |       0 |     149 |   0.0 |       0 |      31 |   0.0 |  1140
           D:4 |       0 |     475 |   0.0 |       0 |      19 |   0.0 |   706
           D:5 |       0 |     326 |   0.0 |       0 |      15 |   0.0 |   485
           D:6 |       0 |     847 |   0.0 |       0 |      35 |   0.0 |  1289
           D:7 |       0 |     588 |   0.0 |       0 |       7 |   0.0 |   778
           D:8 |       0 |    1682 |   0.0 |       0 |      10 |   0.0 |  1094
           D:9 |       0 |    1908 |   0.0 |       0 |       9 |   0.0 |   361
       Ossuary |       0 |       2 |   0.0 |       0 |       2 |   0.0 |    44
               +---------+---------+-------+---------+---------+-------+---------
